 Dungeon Crawl Stone Soup version 0.29-a0-961-gfab03dca74 (console) character file.

Game seed: 8007415932331259142

16697 CannotBeFrozen the Grappler (level 11, 0/95 HPs)
             Began as a Demigod Transmuter on July 30, 2022.
             Slain by a fire bat (4 damage)
             ... in a Gauntlet.
             The game lasted 01:01:59 (15778 turns).

CannotBeFrozen the Grappler (Demigod Transmuter)   Turns: 15778, Time: 01:01:59

Health: 0/95       AC:  7    Str: 19    XL:     11   Next: 83%
Magic:  29/29      EV: 13    Int: 19    God:
Gold:   1258       SH:  0    Dex: 19    Spells: 8/18 levels left

rFire   + . .      SeeInvis .     - Unarmed
rCold   + . .      Faith    .   (no shield)
rNeg    . . .      Spirit   .   E - +0 troll leather armour
rPois   +          Reflect  .   (helmet currently unavailable)
rElec   +          Harm     .   s - +1 cloak "Besch" {Contam Dex+5}
rCorr   +          Rampage  .   n - +0 pair of gloves
Will    +....      NoTele   +   (boots currently unavailable)
Stlth   ++........              q - amulet of magic regeneration
HPRegen 1.05/turn               d - ring of magical power
MPRegen 0.61/turn               k - ring of poison resistance

@: appendages, resistant, wereblooded
A: horns 2, talons 2, high MP 1, forlorn, divine attributes
a: End Transformation


You were in a Gauntlet.
You had temporarily grown beastly horns and talons.
You visited 2 branches of the dungeon, and saw 11 of its levels.
You also visited: Sewer and Gauntlet.

You collected 1258 gold pieces.

Inventory:

Missiles
 c - 101 stones
 m - 3 curare-tipped darts {=f=F}
 p - a throwing net {=f=F}
 x - 11 boomerangs
 G - 20 poisoned darts (quivered)
 J - 5 atropa-tipped darts {=f=F}
Armour
 j - the +1 ring mail of Wynaez {rN+ Will++ Int+2 Dex-5}
   (You found it on level 8 of the Dungeon)

   Int:       It affects your intelligence (+2).
   Dex:       It affects your dexterity (-5).
   rN:        It protects you from negative energy.
   Will:      It greatly increases your willpower.
 n - a +0 pair of gloves (worn)
 s - the +1 cloak "Besch" (worn) {Contam Dex+5}
   (You found it on level 3 of the Dungeon)

   Dex:       It affects your dexterity (+5).
   Contam:    It causes magical contamination when unequipped.
 B - the +0 leather armour of the Monk {rElec Will+ Int-5}
   (You found it on level 9 of the Dungeon)

   Int:       It affects your intelligence (-5).
   rElec:     It insulates you from electricity.
   Will:      It increases your willpower.
 E - a +0 troll leather armour (worn)
 M - a +0 helmet (melded)
Jewellery
 d - a ring of magical power (left hand)
 k - a ring of poison resistance (right hand)
 q - an amulet of magic regeneration (around neck)
 v - the amulet of Elemental Vulnerability {rPois rF-- rC-- AC+8}
   (You took it off an orc on level 8 of the Dungeon)

   [amulet of nothing]

   AC:        It affects your AC (+8).
   rF:        It makes you very vulnerable to fire.
   rC:        It makes you very vulnerable to cold.
   rPois:     It protects you from poison.
 y - a ring of resist corrosion
 I - a ring of wizardry
Wands
 a - a wand of flame (24)
 w - a wand of mindburst (19)
 C - a wand of digging (6)
 H - a wand of polymorph (7)
Scrolls
 e - 2 scrolls of butterflies
 g - 3 scrolls of poison
 h - 2 scrolls of vulnerability
 l - 8 scrolls of teleportation {@r2}
 r - 2 scrolls of identify {@r1}
 u - a scroll of immolation
 N - a scroll of fear
Potions
 b - 2 potions of lignification
 f - 2 potions of attraction
 i - a potion of haste
 o - 2 potions of mutation
 t - 2 potions of curing {@q1}
 z - 3 potions of brilliance
 A - a potion of resistance
 D - 6 potions of flight
 F - 3 potions of might
 L - a potion of magic {unknown}


   Skills:
 + Level 8.9 Fighting
 + Level 3.1 Dodging
 - Level 2.0 Stealth
 + Level 11.9 Unarmed Combat
 - Level 4.0 Spellcasting
 + Level 9.7 Transmutations
 - Level 2.0 Ice Magic
 - Level 2.0 Poison Magic


You had 8 spell levels left.
You knew the following spells:

 Your Spells              Type           Power      Damage    Failure   Level
a - Beastly Appendage     Tmut           80%        N/A       1%          1
i - Ice Form              Ice/Tmut       26%        N/A       14%         4
s - Spider Form           Tmut/Pois      26%        N/A       4%          3
w - Wereblood             Tmut           40%        N/A       1%          2

Your spell library contained the following spells:

 Spells                   Type           Power      Damage    Failure   Level
 Freeze                   Ice            44%        1d6       7%          1
 Ignite Poison            Fire/Tmut/Pois 18%        N/A       10%         3
 Apportation              Tloc           6%         N/A       16%         1
 Foxfire                  Conj/Fire      12%        2x1d4     16%         1
 Necrotise                Necr           12%        1d4       16%         1
 Shock                    Conj/Air       12%        1d3       16%         1
 Summon Small Mammal      Summ           12%        N/A       16%         1
 Mephitic Cloud           Conj/Pois/Air  6%         N/A       36%         3
 Conjure Flame            Conj/Fire      3%         6-21      43%         3
 Dazzling Flash           Conj/Hex       6%         N/A       43%         3
 Inner Flame              Hex/Fire       3%         N/A       43%         3
 Swiftness                Air            3%         N/A       43%         3
 Airstrike                Air            1%         0-2+      85%         4
 Flame Wave               Conj/Fire      3%         2d5       85%         4
 Fulminant Prism          Conj/Hex       1%         3d6       85%         4
 Iskenderun's Mystic Bla  Conj/Tloc      3%         2d3       85%         4
 Freezing Cloud           Conj/Ice/Air   3%         6-21      98%         5
 Agony                    Necr           3%         N/A       99%         5
 Lee's Rapid Deconstruct  Erth           1%         3d5*      99%         5
 Silence                  Hex/Air        1%         N/A       99%         5


Dungeon Overview and Level Annotations

Branches:
Dungeon (10/15)            Temple (0/1) D:4            Lair (1/5) D:10
    Orc (0/2) D:10          Sewer (visited)         Gauntlet (1/1)

Annotations:
Gauntlet 15 transporters


Innate Abilities, Weirdness & Mutations

You have temporarily grown beastly horns and talons.
You have an increased reservoir of magic. (+10% MP)
You shall have no god before yourself.
Your divine heritage dramatically boosts your attributes as you level up.


Message History

You are engulfed in flames.
You resist.
* * * LOW HITPOINT WARNING * * *
The fire crab claws you but does no damage.
The fire bat barely misses you.
You hit the fire crab but do no damage. You claw the fire crab.
You punch the fire crab.
You feel a bit better.
You kill the fire crab!
The fire bat closely misses you.
The fire bat bites you but does no damage.
The fire bat misses you. The fire bat barely misses you.
Your Dodging skill increases to level 3!
You howl as the wereblood boils in your veins!
The fire bat closely misses you. The fire bat bites you.
* * * LOW HITPOINT WARNING * * *
You are engulfed in flames.
You resist.
* * * LOW HITPOINT WARNING * * *
The fire bat bites you.
* * * LOW HITPOINT WARNING * * *
You are engulfed in flames.
You resist.
* * * LOW HITPOINT WARNING * * *
You see here a fire crab corpse.
HP: 6/95 (-10) ------------ !
You hit the fire bat. You claw the fire bat.
The fire bat is heavily wounded.
The fire bat bites you.
* * * LOW HITPOINT WARNING * * *
You are engulfed in flames.
You resist.
* * * LOW HITPOINT WARNING * * *
The fire bat bites you but does no damage.
HP: 2/95 (-4) ------------ You feel better.
The fire bat bites you but does no damage.
The fire bat bites you.
* * * LOW HITPOINT WARNING * * *
You are engulfed in flames.
You resist.
* * * LOW HITPOINT WARNING * * *
The fire bat attacks as you move away! The fire bat completely misses you.
The fire bat bites you but does no damage.
The fire bat bites you.
You die...

...≈..#.#....#...W#.#.#...###.#.#..##.##..#.#.^##^##°°#.#
≈≈.≈≈©#.#©.##..#.##.#...###...#.#.#.###.#.#.#.##...##.#.#
.≈..≈.#.####.#..###.#.###^..#.#.#.##...##.#.#.#h....#○#.#
≈...≈.#.##..##.#WW#.#......WWW#.#.........#.#hEERRRRRR#.#
#######################################################.#
.©...........©#≈≈≈≈8≈≈§≈#©...........©...........©#.....#
#.###################################.#############....≈#
#.#≈≈8≈≈#©.........©.........©#≈≈8≈≈#.#..............####
#.###################################.#..............#8#
#.#......yyy#.#....©)...#.#.........#.#..###############
#.#.......yy#.#.........#.#.@b###...#.#..#8# #8# #8#
#.#$.#...#.y#.#.........#.#†b..#...?#.#..### ### ###
#.#........y#.#.........#.#.#..#..#=#.#..#
#©#©...©....#.#....©....#.#.######.©#©#..###
###.........#.#.........#.#.#.©#..#.###..#8#
..#?.#...#.y#.#.........#.#....#....#....###
..#.......y.#.#.........#.#...###...#....#
..#.......yy#.#.........#.#.........#..###
..###########.###########.###########..#8#
...................©...................###
≈.....................................§#


You could see 3 shadows and 2 fire bats.

Vanquished Creatures
  A hydra (D:10)
  A boulder beetle (D:9)
  A two-headed ogre (D:10)
  A centaur warrior (D:9)
  Erica (D:8)
  Amaemon (D:10)
  Nergalle (D:10)
  A sixfirhy (Gauntlet)
  A fire crab (Gauntlet)
  Joseph (D:8)
  A gargoyle (D:5)
  An orange demon (Lair:1)
  A kobold demonologist (D:9)
  A polar bear (D:8)
  A hornet (D:9)
  3 slime creatures (D:8)
  Sigmund (D:5)
  A wraith (D:8)
  A wyvern (D:8)
  A fire bat (Gauntlet)
  18 yaks
  Eustachio (D:4)
  An unseen horror simulacrum (D:8)
  A steam dragon (D:7)
  4 vampire mosquitoes (D:10)
  Menkaure (D:5)
  Edmund (D:4)
  5 water moccasins
  6 orc warriors
  2 black bears (D:10)
  3 ice beasts
  2 sky beasts (D:6)
  2 wolves (D:8)
  A centaur (D:9)
  2 phantoms (D:5)
  5 kobold brigands
  Blork the orc (D:5)
  4 bullfrogs
  3 necrophages
  4 scorpions
  3 killer bees (D:8)
  2 electric eels
  4 howler monkeys
  8 crimson imps
  2 jellies
  9 orc priests
  2 hounds
  2 gnoll boudas
  Ijyb (D:4)
  An iguana (D:4)
  12 orc wizards
  A merfolk siren (Sewer)
  A merfolk avatar (Sewer)
  A centaur simulacrum (D:8)
  A killer bee simulacrum (D:8)
  6 gnolls
  9 adders
  4 river rats
  2 shadow imps
  4 white imps (D:8)
  3 ufetubi
  4 worms
  3 dart slugs
  38 orcs
  13 ball pythons
  8 endoplasms
  A giant cockroach (Sewer)
  4 goblins
  7 hobgoblins
  6 jackals
  11 quokkas
  6 bats
  3 frilled lizards
  A goblin skeleton (D:6)
  3 goblin zombies (D:6)
  29 kobolds
  An orc skeleton (D:6)
  2 orc zombies (D:6)
  32 rats
339 creatures vanquished.

Vanquished Creatures (others)
  47 fungi
  54 plants
  4 withered plants (Gauntlet)
105 creatures vanquished.

Grand Total: 444 creatures vanquished

Notes
Turn   | Place    | Note
-------+----------+-------------------------------------------
     0 | D:1      | CannotBeFrozen the Demigod Transmuter began the quest for
                  | the Orb.
     0 | D:1      | Reached XP level 1. HP: 15/15 MP: 5/5
    81 | D:1      | Reached skill level 1 in Fighting
   296 | D:1      | Reached XP level 2. HP: 23/23 MP: 7/7
   299 | D:1      | Learned a level 2 spell: Wereblood
   904 | D:1      | Reached skill level 1 in Stealth
   948 | D:1      | Reached skill level 3 in Unarmed Combat
   948 | D:1      | Reached XP level 3. HP: 28/28 MP: 8/8
   965 | D:1      | Got Plato's Textbook on Frostbite
  2303 | D:3      | Identified the +1 cloak "Besch" {Contam Dex+5}
  2499 | D:3      | Reached XP level 4. HP: 26/36 MP: 9/9
  3548 | D:4      | Noticed Ijyb
  3570 | D:4      | Killed Ijyb
  3571 | D:4      | Reached XP level 5. HP: 16/41 MP: 10/10
  3808 | D:4      | Reached skill level 4 in Unarmed Combat
  4072 | D:4      | Noticed Eustachio
  4096 | D:4      | Killed Eustachio
  4097 | D:4      | Reached skill level 5 in Unarmed Combat
  4097 | D:4      | Reached XP level 6. HP: 5/48 MP: 11/11
  4393 | D:4      | Noticed Edmund
  4961 | D:4      | Noticed a shadow
  5105 | D:4      | Found a staircase to the Ecumenical Temple.
  5156 | D:4      | Killed Edmund
  5157 | D:4      | Reached skill level 6 in Unarmed Combat
  5296 | D:5      | Entered Level 5 of the Dungeon
  5407 | D:5      | Reached XP level 7. HP: 50/55 MP: 13/13
  5486 | D:5      | Noticed Sigmund
  5685 | D:5      | Reached skill level 7 in Unarmed Combat
  6019 | D:5      | Noticed a gargoyle
  6226 | D:5      | Noticed Blork the orc
  6237 | D:5      | Noticed Menkaure
  6246 | D:5      | Killed Blork the orc
  6252 | D:5      | Killed Menkaure
  6253 | D:5      | Reached skill level 8 in Unarmed Combat
  6714 | D:5      | Reached XP level 8. HP: 55/61 MP: 15/15
  7141 | D:5      | Killed a gargoyle
  7142 | D:5      | Reached skill level 5 in Transmutations
  7186 | D:5      | Learned a level 3 spell: Spider Form
  7191 | D:5      | Learned a level 4 spell: Ice Form
  7543 | D:6      | Reached skill level 1 in Ice Magic
  7659 | D:6      | Found a glowing drain.
  7667 | Sewer    | Entered a sewer
  7782 | Sewer    | Reached skill level 1 in Poison Magic
  8592 | D:6      | Reached XP level 9. HP: 69/69 MP: 18/18
  8731 | D:6      | Reached skill level 9 in Unarmed Combat
  9609 | D:7      | Reached skill level 5 in Fighting
 10498 | D:8      | Noticed Joseph
 10511 | D:8      | Killed Joseph
 10589 | D:8      | Noticed Maurice
 10591 | D:8      | Noticed Maurice
 10591 | D:8      | Maurice changed into Maurice the river rat
 10595 | D:8      | Killed Maurice the river rat
 10647 | D:8      | HP: 3/74 [polar bear (2)]
 10650 | D:8      | Reached XP level 10. HP: 27/81 MP: 19/19
 10910 | D:8      | Identified the +1 ring mail of Wynaez {rN+ Will++ Int+2
                  | Dex-5}
 10946 | D:8      | Noticed Erica
 10957 | D:8      | Killed Erica
 10958 | D:8      | Reached skill level 10 in Unarmed Combat
 11370 | D:8      | Noticed a +0 dagger
 11371 | D:8      | Noticed a +0 hand axe
 12056 | D:5      | Killed Sigmund
 12326 | D:9      | Noticed a boulder beetle
 12343 | D:9      | Killed a boulder beetle
 12451 | D:9      | Noticed a centaur warrior
 12464 | D:9      | Killed a centaur warrior
 12465 | D:9      | Reached XP level 11. HP: 56/92 MP: 20/20
 12611 | D:9      | Identified the +0 leather armour of the Monk {rElec Will+
                  | Int-5}
 12772 | D:9      | Reached skill level 11 in Unarmed Combat
 13256 | D:10     | Entered Level 10 of the Dungeon
 13258 | D:10     | Noticed Nergalle
 13350 | D:10     | Noticed a two-headed ogre
 13360 | D:10     | Killed a two-headed ogre
 13586 | D:10     | Killed Nergalle
 13603 | D:10     | HP: 2/94 [vampire mosquito (6)]
 14175 | D:10     | Noticed a balrug
 14313 | D:10     | Found a staircase to the Orcish Mines.
 14407 | D:10     | Found a staircase to the Lair.
 14615 | Lair:1   | Entered Level 1 of the Lair of Beasts
 14617 | Lair:1   | Noticed Amaemon
 14619 | Lair:1   | Noticed a five-headed hydra
 14640 | D:10     | HP: 4/142 [Amaemon/+0 demon whip of venom (8)]
 14645 | D:10     | Killed Amaemon
 14770 | D:10     | Killed a five-headed hydra
 14771 | D:10     | HP: 4/95 [bullfrog (7)]
 14941 | Lair:1   | Found a gate leading to a gauntlet.
 14949 | Gauntlet | Entered a Gauntlet
 14949 | Gauntlet | Found a transporter.
 14951 | Gauntlet | Noticed a sixfirhy
 14962 | Gauntlet | Found a transporter.
 14964 | Gauntlet | Found a transporter.
 14966 | Gauntlet | Found a transporter.
 14979 | Gauntlet | Found a transporter.
 14994 | Gauntlet | Found a transporter.
 14996 | Gauntlet | Noticed a reaper
 15001 | Gauntlet | Found a transporter.
 15021 | Gauntlet | Found a transporter.
 15035 | Gauntlet | Found a transporter.
 15047 | Gauntlet | Found a transporter.
 15067 | Gauntlet | Found a transporter.
 15078 | Gauntlet | Noticed a ghost crab
 15079 | Gauntlet | Found a transporter.
 15091 | Gauntlet | Found a transporter.
 15100 | Gauntlet | Found a transporter.
 15100 | Gauntlet | Found a transporter.
 15147 | Gauntlet | Found a transporter.
 15155 | Gauntlet | Noticed a fire crab
 15174 | Gauntlet | Found a transporter.
 15176 | Gauntlet | Found a transporter.
 15435 | Gauntlet | Killed a sixfirhy
 15772 | Gauntlet | HP: 1/95 [fire bat (4)]
 15774 | Gauntlet | Killed a fire crab
 15777 | Gauntlet | HP: 3/95 [fire bat (4)]
 15778 | Gauntlet | Slain by a fire bat

Illustrated notes

Levels and vault maps discovered:
D:1:      tarquinn_simple_flora_water_f, layout_rooms,
          shapermc_ecumenical_altar_rom_forum, lemuel_another_geyser
D:2:      layout_basic
D:3:      layout_basic, mainiacjoe_overflow_boulevard,
          nicolae_sif_muna_condensation, hangedman_decor_opposing,
          grunt_ministairs_11, kennysheep_crisscross
D:4:      layout_basic, riverfiend_overflow_shadow_ancestor, temple_doors_e,
          uniq_eustachio, uniq_ijyb, uniq_edmund
D:5:      kennysheep_big_flooded_room, layout_basic, kennysheep_generic_room_13,
          uniq_blork_the_orc, uniq_sigmund, uniq_menkaure
D:6:      layout_gridville, nicolae_tso_besieged_by_evil,
          gup_sewer_entry_bubbles
D:7:      layout_layer_cave, nicolae_elyvilon_temple_path,
          lemuel_coloured_pillars_altar
D:8:      layout_rooms, grunt_gozag_breadcrumbs, mainiacjoe_overflow_24_doors,
          dancing_weapons_uskayaw, serial_ice, serial_ice_c, serial_ice_i,
          serial_ice_d, serial_ice_b, serial_ice_g, serial_ice_n,
          minmay_nine_imps, uniq_erica, uniq_joseph, uniq_maurice
D:9:      layout_irregular_city, fedhas_ov_isle_minmay,
          nemelex_xobeh_ov_fountains_minmay, nzn_sisyphean_effort
D:10:     layout_gridville, makhleb_altar_promises_db,
          due_lair_maze_entry_diamond, erik_orc_4, uniq_nergalle
Lair:1:   layout_chaotic_city, gauntlet_entry_generic, grunt_megastairs_4,
          uniq_amaemon
Gauntlet: gammafunk_gauntlet_one_two_three [gammafunk_gauntlet_arena_open,
          gammafunk_gauntlet_arena_hedges, nicolae_gauntlet_arena_t_cross,
          gammafunk_gauntlet_arena_chambers,
          nicolae_gauntlet_arena_flowing_pool, gammafunk_gauntlet_arena_mazey,
          nicolae_gauntlet_arena_grate_2, gammafunk_gauntlet_arena_corners,
          gammafunk_gauntlet_arena_split_x, gauntlet_exit_watery]

Skill      XL: |  1  2  3  4  5  6  7  8  9 10 11 |
---------------+----------------------------------+-----
Fighting       | 1 2 3 5 7 8 |  8.9
Dodging        | 2 3 |  3.1
Transmutations | 2 3 5 6 8 9 |  9.7
Spellcasting   | 2 4 |  4.0
Stealth        | 1 2 |  2.0
Unarmed Combat | 3 5 6 8 9 10 11 | 11.9
Ice Magic      | 2 |  2.0
Poison Magic   | 2 |  2.0

Action                   |  1- 3 |  4- 6 |  7- 9 | 10-12 || total
-------------------------+-------+-------+-------+-------++-------
Melee: Unarmed           |   117 |   116 |   385 |   413 ||  1031
       Kick              |    28 |    30 |    94 |   122 ||   274
       Headbutt          |    19 |    24 |    71 |    81 ||   195
       Punch             |     1 |     2 |    22 |    27 ||    52
Throw: Stone             |     6 |     2 |     2 |       ||    10
       Dart              |       |     2 |     1 |    13 ||    16
       Boomerang         |       |     1 |    16 |     5 ||    22
 Cast: Beastly Appendage |    29 |    26 |    40 |    43 ||   138
       Wereblood         |     4 |     2 |    18 |    14 ||    38
       Spider Form       |       |       |     5 |     6 ||    11
 Abil: End Transformatio |       |       |       |     2 ||     2
Evoke: Wand              |       |     8 |    14 |     4 ||    26
  Use: Potion            |       |     1 |     4 |     8 ||    13
       Scroll            |       |    12 |     4 |     4 ||    20
 Stab: Sleeping          |       |     3 |     5 |     3 ||    11
       Paralysed         |       |     4 |     9 |       ||    13
Armor: Robe              |    20 |     9 |    34 |       ||    63
       Leather armour    |       |    23 |    10 |     6 ||    39
       Skin              |       |    17 |       |    14 ||    31
       Troll leather arm |       |       |    50 |   117 ||   167
Dodge: Dodged            |    75 |    82 |   191 |   303 ||   651

Table legend: (Time is in decaauts)
 A = Elapsed time spent in this place.
 B = Non-inter-level travel time spent in this place.
 C = Inter-level travel time spent in this place.
 D = Time resting spent in this place.
 E = Time spent auto-exploring this place.
 F = Levels seen in this place.
 G = Mean time per level.
                   A        B        C        D        E       F      G
               +--------+--------+--------+--------+--------+-----+--------+
         Total |  15782 |  14985 |    797 |   3851 |   6935 |  13 | 1214.0 |
       Dungeon |  14305 |  13508 |    797 |   3461 |   6525 |  10 | 1430.5 |
          Lair |    109 |    109 |      0 |     60 |      0 |   1 |  109.0 |
         Sewer |    544 |    544 |      0 |     85 |    128 |   1 |  544.0 |
      Gauntlet |    823 |    823 |      0 |    245 |    282 |   1 |  823.0 |
               +--------+--------+--------+--------+--------+-----+--------+

Top non-repeatable levels by time:
     D:4: 2232 daAuts
     D:5: 1905 daAuts
     D:8: 1472 daAuts
     D:3: 1464 daAuts
     D:7: 1320 daAuts
    D:10: 1318 daAuts
     D:6: 1309 daAuts
     D:9: 1300 daAuts
     D:1: 1127 daAuts
     D:2: 855 daAuts
Gauntlet: 823 daAuts
   Sewer: 544 daAuts
  Lair:1: 109 daAuts
